AoeStats
← Lord Boyka

MegaRandom

510905414Analyzed
4v4 RM · 13h ago on Oct 3, 2026· 19m 49s· 8 players
Game mode
Random Map
Map size
Large (8 player)
Population
200
Speed
Normal
Resources
Standard
Victory
Conquest
Starting age
Dark Age
Ending age
Imperial Age
RankedLock teamsTeams togetherTeam positionsShared explorationLock speedFull tech treeHidden civsTurbo modeCheats
Victory
Defeat
🇦🇷 Japanese · Argentina
1242
+13
🇨🇴 Mongols · Colombia
1231
+14
🇦🇷 Koreans · Argentina
1192
+15
🇨🇴 Huns · Colombia
1129
+18
🇨🇱 Lithuanians · Chile
1291
-19
🇧🇷 Armenians · Brazil
1179
-15
1165
-15
🇨🇱 Persians · Chile
1066
-11
Armando3443
7:33 Loom
9:53 Feudal Age
10:40 Double-Bit Axe
17:08 Wheelbarrow
zulin
2:45 Loom
10:56 Feudal Age
15:54 Castle Age
15:04 Horse Collar
16:04 Double-Bit Axe
16:19 Town Watch
18:20 Wheelbarrow
18:19 Heavy Plow
19:10 Bow Saw
Pte. psiquiatrico en pañales
9:29 Loom
11:26 Feudal Age
12:22 Double-Bit Axe
Lord Boyka
13:27 Feudal Age
jaimeerp
6:39 Loom
10:09 Feudal Age
11:50 Double-Bit Axe
11:52 Horse Collar
16:20 Forging
19:00 Wheelbarrow
19:30 Scale Barding Armor
pr0grammer
5:14 Loom
11:41 Feudal Age
12:19 Double-Bit Axe
13:10 Horse Collar
17:33 Fishing Lines
isaac.wikpis
2:26 Loom
11:28 Feudal Age
20:24 Castle Age
18:35 Double-Bit Axe
18:43 Horse Collar
19:08 Gold Mining
20:40 Wheelbarrow
Xander (Dt. 2.34)
5:04 Loom
10:08 Feudal Age
11:05 Double-Bit Axe
12:01 Horse Collar
17:23 Wheelbarrow
17:49 Forging
18:46 Scale Barding Armor
19:42 Gold Mining
Connection lost

Rejoining the realm…

Still unreachable

The connection could not be restored.

Session expired

The server has moved on; the page needs a fresh start.